 Dungeon Crawl Stone Soup version 0.19.1 (webtiles) character file.

481 empire the Sneak (level 7, -3/55 HPs)
             Began as a Naga Ice Elementalist on Dec 21, 2016.
             Was an Initiate of Sif Muna.
             Slain by Edmund
             ... wielding a +0 dire flail of draining
              (13 damage)
             ... on level 5 of the Dungeon.
             The game lasted 00:10:55 (5009 turns).

empire the Sneak (Naga Ice Elementalist)            Turns: 5009, Time: 00:10:56

Health: -3/55      AC: 11    Str: 10    XL:     7   Next: 12%
Magic:  0/11       EV:  8    Int: 22    God:    Sif Muna [......]
Gold:   232        SH:  0    Dex: 14    Spells: 3 memorised, 5 levels left

rFire  . . .     SeeInvis +     a - +1 dagger
rCold  . . .     Gourm    .     Z - +0 leather armour
rNeg   . . .     Faith    .     (no shield)
rPois  +         Spirit   .     (no helmet)
rElec  .         Reflect  .     X - +0 cloak
rCorr  .         Harm     .     (no gloves)
MR     ++...                    (no barding)
Stlth  ++........               (no amulet)
                                p - +5 ring of intelligence
                                (no ring)

@: icy armour, very heavily drained, very slow
A: stinger 1, see invisible, clever 1, deformed body, deterioration 1, low mp 1,
magic resistance 2, poison resistance, slowness 2, slow metabolism 1, spit
poison 1, AC +2
a: Spit Poison, Renounce Religion


You were on level 5 of the Dungeon.
You worshipped Sif Muna.
Sif Muna was noncommittal.
You were not hungry.

You visited 2 branches of the dungeon, and saw 6 of its levels.

You collected 232 gold pieces.

Inventory:

Hand Weapons
 a - a +1 dagger (weapon)
 g - a +0 mace
 x - a +0 whip of venom
Missiles
 e - 27 arrows
 s - 5 javelins (quivered)
Armour
 X - a +0 cloak (worn)
 Z - a +0 leather armour (worn)
Jewellery
 h - a +4 ring of evasion
 m - an uncursed ring of protection from magic
 p - a +5 ring of intelligence (right hand)
 z - a +5 ring of protection {unknown}
 B - an uncursed ring of see invisible {unknown}
Scrolls
 i - a scroll of remove curse
 j - a scroll of fog {unknown}
 l - 4 scrolls of teleportation
 t - a scroll of recharging
 u - a scroll of identify
 y - a scroll of enchant weapon
 C - a scroll of immolation {unknown}
Potions
 d - a potion of mutation {unknown}
 k - 4 potions of curing
 n - a potion of heal wounds {unknown}
 q - a potion of berserk rage {unknown}
 v - a potion of magic {unknown}
 w - a potion of beneficial mutation {unknown}
 A - a potion of agility
Books
 b - a book of Frost

   Spells                             Type                      Level
   a - Freeze                         Ice                          1
   b - Throw Frost                    Conjuration/Ice              2
   c - Ozocubu's Armour               Charms/Ice                   3
   d - Throw Icicle                   Conjuration/Ice              4
   e - Summon Ice Beast               Ice/Summoning                4
Comestibles
 c - 2 bread rations
 f - 3 meat rations
 o - a beef jerky
 r - a slice of pizza


   Skills:
 - Level 1.5(0.0) Dodging
 + Level 6.1(2.4) Stealth
 + Level 3.8(0.3) Spellcasting
 + Level 2.0(0.0) Conjurations
 + Level 3.0(0.0) Charms
 + Level 4.5(1.0) Ice Magic


You had 5 spell levels left.
You knew the following spells:

 Your Spells              Type           Power        Failure   Level  Hunger
a - Freeze                Ice            #...         17%         1    ##.....
b - Ozocubu's Armour      Chrm/Ice       #.......     58%         3    ####...
c - Throw Icicle          Conj/Ice       #.......     99%         4    #####..


Dungeon Overview and Level Annotations

Branches:
Dungeon (5/15)             Temple (1/1) D:4

Altars:
Ashenzari
Cheibriados
Dithmenos
Elyvilon
Fedhas
Gozag
Hepliaklqana
Kikubaaqudgha
Makhleb
Nemelex Xobeh
Okawaru
Qazlal
Ru
Sif Muna
Trog
Uskayaw
Yredelemnul
Zin
The Shining One

Shops:
D:4 }

Annotations:
D:5 Edmund


Innate Abilities, Weirdness & Mutations

You cannot wear boots.
Your serpentine skin is tough. (AC +2)
You have supernaturally acute eyesight. (SInv)
Armour fits poorly on your strangely shaped body.
Your system is resistant to poisons. (rPois)
You cover ground very slowly.
You have a slow metabolism.
You can spit poison.
Your tail ends in a poisonous barb.
Your mind is acute. (Int +2)
Your body sometimes deteriorates upon taking damage.
Your magical capacity is low. (-10% MP)
You are highly resistant to hostile enchantments. (MR++)


Message History

You feel drained.
* * * LOW HITPOINT WARNING * * *
Casting: Freeze
Confirm with . or Enter, or press ? or * to list all spells.
Aiming: Freeze
Press: ? - help, Shift-Dir - straight line, f/p - Edmund
Aim: Edmund, wielding a dire flail of draining and wearing a ring mail (almost dead)
You freeze Edmund.
Edmund is almost dead.
Edmund hits you with a dire flail of draining.
* * * LOW HITPOINT WARNING * * *
You feel drained.
* * * LOW HITPOINT WARNING * * *
You barely miss Edmund.
Edmund is almost dead.
Edmund barely misses you.
You closely miss Edmund.
Edmund is almost dead.
Edmund hits you with a dire flail of draining!
You die...

......<...####.####...
..........# #..# .....
.........######.###.....
........## #...........
.........# #...........
.........# #........#.#
.........# #........#
.........# #........#
.........# #....@...#
######@#.# ...# .....
....... ....... ......#
##.....


You could see Edmund.

Vanquished Creatures
  A sky beast (D:5)
  2 ogres (D:4)
  An iguana (D:4)
  3 worker ants (D:4)
  A howler monkey skeleton (D:5)
  4 adders
  An ooze (D:2)
  An adder skeleton (D:4)
  2 worms (D:2)
  3 dart slugs
  3 leopard geckos (D:4)
  2 orcs
  4 bats
  5 giant cockroaches
  11 goblins
  6 hobgoblins
  3 jackals (D:4)
  2 kobolds
  4 quokkas
  2 frilled lizards
  8 rats
69 creatures vanquished.

Notes
Turn   | Place    | Note
-------+----------+-------------------------------------------
     0 | D:1      | empire the Naga Ice Elementalist began the quest for the Orb.
     0 | D:1      | Reached XP level 1. HP: 15/15 MP: 3/3
   378 | D:1      | Reached XP level 2. HP: 22/22 MP: 5/5
  1080 | D:2      | Reached XP level 3. HP: 13/28 MP: 2/6
  1138 | D:2      | Reached skill level 4 in Stealth
  1143 | D:2      | Learned a level 3 spell: Ozocubu's Armour
  1848 | D:3      | Reached XP level 4. HP: 18/36 MP: 4/8
  1858 | D:3      | Found a faded altar of an unknown god.
  2177 | D:3      | Reached skill level 1 in Charms
  2653 | D:3      | Found a shattered altar of Ashenzari.
  2809 | D:4      | Reached XP level 5. HP: 23/42 MP: 6/9
  3086 | D:4      | Found Estrevom's Gadget Boutique.
  3102 | D:4      | Noticed an ogre
  3110 | D:4      | Killed an ogre
  3110 | D:4      | Reached skill level 5 in Stealth
  3367 | D:4      | Learned a level 4 spell: Throw Icicle
  3374 | D:4      | Found a stormy altar of Qazlal.
  3396 | D:4      | Reached XP level 6. HP: 12/49 MP: 0/11
  4214 | D:4      | Found a staircase to the Ecumenical Temple.
  4223 | Temple   | Entered the Ecumenical Temple
  4366 | Temple   | Became a worshipper of Sif Muna the Loreminder
  4731 | D:4      | Found a sparkling altar of Nemelex Xobeh.
  4864 | D:5      | Entered Level 5 of the Dungeon
  4957 | D:5      | Noticed a sky beast
  4970 | D:5      | Killed a sky beast
  4970 | D:5      | Reached skill level 6 in Stealth
  4970 | D:5      | Reached XP level 7. HP: 36/55 MP: 5/12
  4975 | D:5      | Gained mutation: Your magical capacity is low. (-10% MP) [mutagenic meat]
  4976 | D:5      | Gained mutation: You are resistant to hostile enchantments. (MR+) [mutagenic meat]
  4977 | D:5      | Gained mutation: Your tail ends in a poisonous barb. [mutagenic meat]
  4978 | D:5      | Gained mutation: Your mind is acute. (Int +2) [mutagenic meat]
  4979 | D:5      | Gained mutation: You are highly resistant to hostile enchantments. (MR++) [mutagenic meat]
  4980 | D:5      | Gained mutation: Your body sometimes deteriorates upon taking damage. [mutagenic meat]
  4981 | D:5      | Noticed Edmund
  5009 | D:5      | Slain by Edmund

Skill      XL: |  1  2  3  4  5  6 |
---------------+-------------------+-----
Stealth        | 4 5 6 |  6.1
Charms         | 1 2 3 |  3.0
Spellcasting   | 3 |  3.8
Ice Magic      | 4 |  4.5
Conjurations   | 2 |  2.0
Dodging        | |  1.5

Action                   |  1- 3 |  4- 6 |  7- 9 || total
-------------------------+-------+-------+-------++-------
Melee: Unarmed           |    13 |       |       ||    13
       Dagger            |    75 |    55 |    18 ||   148
 Cast: Freeze            |    40 |    59 |     8 ||   107
       Ozocubu's Armour  |       |     7 |     1 ||     8
  Use: Scroll            |     5 |     1 |       ||     6
       Potion            |       |     2 |       ||     2
 Stab: Sleeping          |     2 |     9 |       ||    11
  Eat: Chunk             |     2 |     8 |     6 ||    16
Armor: Robe              |     9 |       |       ||     9
       Leather armour    |    32 |    22 |     4 ||    58
Dodge: Dodged            |    64 |    42 |     8 ||   114
